ESL (28 & UNDER)
SPRINGFIELD SIMPSONS @ BUTLER WHITE SOX
09/11/2025
 
TOP OF THE 1ST
Springfield Simpsons batting - Pitching for Butler White Sox : RHP Steve Floyd
Pitching: RHP Steve Floyd
Batting: RHB António López 0-0: Ball
1-0: SINGLE (Line Drive, 6MD)
Batting: RHB Manny Ramírez 0-0: Called Strike
António López steals 2nd base
0-1: Ball
1-1: Called Strike
1-2: Ground out 5-3 (Groundball, 5)
Batting: LHB José González 0-0: Ball
1-0: Swinging Strike
1-1: Foul Ball, location: 2F
1-2: Ball
2-2: Foul Ball, location: 2F
2-2: SINGLE (Groundball, 34D)
António López to third
Runner from 3rd tries for Home, SAFE, no throw or cutoff
Batting: RHB Gavin Downey 0-0: Called Strike
0-1: Ball
Wild Pitch!
José González to second
1-1: Ground out 5-3 (Groundball, 56)
Batting: LHB Tony O'Bryan 0-0: Ball
1-0: Ball
2-0: Foul Ball, location: 2F
2-1: Ground out U3 (Groundball, 3L)
Top of the 1st over - 1 run(s), 2 hit(s), 0 error(s), 1 left on base; Springfield 1 - Butler 0
BOTTOM OF THE 1ST
Butler White Sox batting - Pitching for Springfield Simpsons : RHP Mark Anderson
Pitching: RHP Mark Anderson
Batting: LHB Jesús González 0-0: Ball
1-0: Foul Ball, location: 2F
1-1: Fly out, F6 (Line Drive, 6M)
Batting: RHB Rodney González 0-0: Called Strike
0-1: Ball
1-1: Ball
2-1: Ball
3-1: Base on Balls
Batting: LHB Mark Everett 0-0: Foul Ball, location: 2F
0-1: Fly out, F6 (Popup, 6D)
Batting: RHB Richard Bankhead 0-0: Called Strike
0-1: Fielders Choice at 2nd, U6 (Groundball, 6M)
Bottom of the 1st over - 0 run(s), 0 hit(s), 0 error(s), 1 left on base; Springfield 1 - Butler 0
TOP OF THE 2ND
Springfield Simpsons batting - Pitching for Butler White Sox : RHP Steve Floyd
Batting: SHB José Cruz 0-0: Bunt for hit - play at first, batter OUT! 2-3
Batting: SHB Bob Noble 0-0: Called Strike
0-1: Ball
1-1: Ball
2-1: Ball
3-1: Ground out U3 (Groundball, 3S)
Batting: LHB Pedro Cerda 0-0: Fly out, F5 (Popup, 25F)
Top of the 2nd over - 0 run(s), 0 hit(s), 0 error(s), 0 left on base; Springfield 1 - Butler 0
BOTTOM OF THE 2ND
Butler White Sox batting - Pitching for Springfield Simpsons : RHP Mark Anderson
Batting: SHB Pedro Martínez 0-0: Called Strike
0-1: Swinging Strike
0-2: Foul Ball, location: 2F
0-2: Ground out 1-3 (Groundball, 15S)
Batting: RHB Luis Ramos 0-0: Foul Ball, location: 2F
0-1: Ball
1-1: Fly out, F8 (Flyball, 89XD)
Batting: LHB Don Hull 0-0: Called Strike
0-1: Fly out, F8 (Line Drive, 8RM)
Bottom of the 2nd over - 0 run(s), 0 hit(s), 0 error(s), 0 left on base; Springfield 1 - Butler 0
TOP OF THE 3RD
Springfield Simpsons batting - Pitching for Butler White Sox : RHP Steve Floyd
Batting: RHB Kawanari Hara 0-0: Fly out, F4 (Popup, 34)
Batting: RHB António López 0-0: Ball
1-0: Swinging Strike
1-1: Ball
2-1: Ball
3-1: Called Strike
3-2: Base on Balls
Batting: RHB Manny Ramírez 0-0: Called Strike
0-1: Ball
1-1: Swinging Strike
1-2: Foul Ball, location: 2F
1-2: Strikes out swinging
Batting: LHB José González 0-0: Ball
1-0: Foul Ball, location: 2F
1-1: Foul Ball, location: 2F
1-2: Strikes out swinging
Top of the 3rd over - 0 run(s), 0 hit(s), 0 error(s), 1 left on base; Springfield 1 - Butler 0
BOTTOM OF THE 3RD
Butler White Sox batting - Pitching for Springfield Simpsons : RHP Mark Anderson
Batting: RHB Raúl Ruíz 0-0: Ball
1-0: Hit by Pitch
Batting: RHB Luis Alvarado 0-0: Foul Ball, location: 2F
0-1: Ball
1-1: Foul Ball, location: 2F
1-2: Foul Ball, location: 2F
1-2: Strikes out looking
Batting: LHB Jesús González 0-0: Ball
1-0: Ground out 3-1 (Groundball, 34)
Raúl Ruíz to second
Batting: RHB Rodney González 0-0: Foul Ball, location: 2F
0-1: Ground out 4-3 (Groundball, 4)
Bottom of the 3rd over - 0 run(s), 0 hit(s), 0 error(s), 1 left on base; Springfield 1 - Butler 0
TOP OF THE 4TH
Springfield Simpsons batting - Pitching for Butler White Sox : RHP Steve Floyd
Batting: RHB Gavin Downey 0-0: Ball
1-0: Ball
2-0: Foul Ball, location: 2F
2-1: Swinging Strike
2-2: Strikes out looking
Batting: LHB Tony O'Bryan 0-0: Fly out, F8 (Flyball, 8RD)
Batting: SHB José Cruz 0-0: Ground out U3 (Groundball, 3)
Top of the 4th over - 0 run(s), 0 hit(s), 0 error(s), 0 left on base; Springfield 1 - Butler 0
BOTTOM OF THE 4TH
Butler White Sox batting - Pitching for Springfield Simpsons : RHP Mark Anderson
Batting: LHB Mark Everett 0-0: Foul Ball, location: 2F
0-1: Reached on error, E5 (Groundball, 56S)
Batting: RHB Richard Bankhead 0-0: Foul Ball, location: 2F
0-1: Ball
1-1: Foul Ball, location: 2F
1-2: Ball
2-2: Grounds into double play, 6-4-3 (Groundball, 6)
Batting: SHB Pedro Martínez 0-0: Swinging Strike
0-1: Swinging Strike
0-2: Foul Ball, location: 2F
0-2: Ball
1-2: Strikes out swinging
Bottom of the 4th over - 0 run(s), 0 hit(s), 1 error(s), 0 left on base; Springfield 1 - Butler 0
TOP OF THE 5TH
Springfield Simpsons batting - Pitching for Butler White Sox : RHP Steve Floyd
Batting: SHB Bob Noble 0-0: Swinging Strike
0-1: Ball
1-1: Ground out 1-3 (Groundball, 13)
Batting: LHB Pedro Cerda 0-0: Ball
1-0: Foul Ball, location: 2F
1-1: Called Strike
1-2: SINGLE (Groundball, 23) (infield hit)
Batting: RHB Kawanari Hara 0-0: Ball
1-0: Foul Ball, location: 2F
1-1: Ball
2-1: 2-RUN HOME RUN (Flyball, 8LXD), Distance : 418 ft
Batting: RHB António López 0-0: Foul Ball, location: 2F
0-1: Foul Ball, location: 2F
0-2: Ball
1-2: Ground out 6-3 (Groundball, 6M)
Batting: RHB Manny Ramírez 0-0: DOUBLE (Line Drive, 7LM)
Batting: LHB José González 0-0: Fly out, F5 (Popup, 5D)
Top of the 5th over - 2 run(s), 3 hit(s), 0 error(s), 1 left on base; Springfield 3 - Butler 0
BOTTOM OF THE 5TH
Butler White Sox batting - Pitching for Springfield Simpsons : RHP Mark Anderson
Batting: RHB Luis Ramos 0-0: Swinging Strike
0-1: Foul Ball, location: 2F
0-2: Strikes out swinging
Batting: LHB Don Hull 0-0: Ball
1-0: SINGLE (Groundball, 34D)
Batting: RHB Raúl Ruíz 0-0: Foul Ball, location: 2F
0-1: Foul Ball, location: 2F
0-2: DOUBLE (Flyball, 8LXD)
Don Hull to third
Batting: RHB Luis Alvarado 0-0: Fly out, F9 (Popup, 9S)
Batting: LHB Jesús González 0-0: Ball
1-0: Ball
2-0: Ball
3-0: Base on Balls
Batting: RHB Rodney González 0-0: Called Strike
0-1: Ball
1-1: Ball
2-1: Called Strike
2-2: Ground out 6-3 (Groundball, 6)
Bottom of the 5th over - 0 run(s), 2 hit(s), 0 error(s), 3 left on base; Springfield 3 - Butler 0
TOP OF THE 6TH
Springfield Simpsons batting - Pitching for Butler White Sox : RHP Steve Floyd
Batting: RHB Gavin Downey 0-0: Ball
1-0: DOUBLE (Flyball, 78D)
Batting: LHB Tony O'Bryan 0-0: Ball
1-0: Swinging Strike
1-1: Ball
2-1: Ground out 1-3 (Groundball, 13)
Gavin Downey to third
Batting: SHB José Cruz 0-0: Ball
1-0: SINGLE (Groundball, 34) (infield hit)
Gavin Downey scores
Batting: SHB Bob Noble 0-0: Called Strike
0-1: Ball
1-1: Foul Ball, location: 2F
1-2: Ball
2-2: Foul Ball, location: 2F
2-2: Foul Ball, location: 2F
2-2: Foul Ball, location: 2F
2-2: Foul Ball, location: 2F
2-2: Fielders Choice at 2nd, 6-4 (Groundball, 6)
Batting: LHB Pedro Cerda 0-0: Ball
1-0: Called Strike
1-1: Foul Ball, location: 2F
1-2: Ball
Bob Noble steals 2nd base
2-2: SINGLE (Groundball, 34D)
Bob Noble to third
Runner from 3rd tries for Home, SAFE, no throw or cutoff
Batting: RHB Kawanari Hara 0-0: Fielders Choice at 2nd, 6-4 (Groundball, 56)
Top of the 6th over - 2 run(s), 3 hit(s), 0 error(s), 0 left on base; Springfield 5 - Butler 0
BOTTOM OF THE 6TH
Butler White Sox batting - Pitching for Springfield Simpsons : RHP Mark Anderson
Batting: LHB Mark Everett 0-0: Ground out 5-3 (Groundball, 56)
Batting: RHB Richard Bankhead 0-0: Ball
1-0: Called Strike
1-1: Ball
2-1: Ball
3-1: SINGLE (Line Drive, 7LS)
Batting: SHB Pedro Martínez 0-0: Ball
Richard Bankhead steals 2nd base
1-0: Fly out, F9 (Flyball, 9D)
Runner from 2nd tags up, SAFE at 3rd, no throw
Batting: RHB Luis Ramos 0-0: Called Strike
0-1: Swinging Strike
0-2: Foul Ball, location: 2F
0-2: Ball
1-2: Foul Ball, location: 2F
1-2: Ball
2-2: 2-RUN HOME RUN (Flyball, 9D), Distance : 358 ft
Batting: LHB Don Hull 0-0: Ball
1-0: Ball
2-0: Foul Ball, location: 2F
2-1: Swinging Strike
2-2: Foul Ball, location: 2F
2-2: Strikes out looking
Bottom of the 6th over - 2 run(s), 2 hit(s), 0 error(s), 0 left on base; Springfield 5 - Butler 2
TOP OF THE 7TH
Springfield Simpsons batting - Pitching for Butler White Sox : RHP Steve Floyd
Batting: RHB António López 0-0: Ball
1-0: Bunted foul
1-1: Swinging Strike
1-2: Ground out 5-3 (Groundball, 5)
Batting: RHB Manny Ramírez 0-0: Foul Ball, location: 2F
0-1: Swinging Strike
0-2: Foul Ball, location: 2F
0-2: Strikes out swinging
Batting: LHB José González 0-0: Swinging Strike
0-1: Ball
1-1: Ball
2-1: SINGLE (Groundball, 4MD) (infield hit)
Pitching: RHP Barry Garner
Batting: RHB Gavin Downey 0-0: Ball
1-0: Foul Ball, location: 2F
1-1: Called Strike
1-2: Ball
2-2: Strikes out looking
Top of the 7th over - 0 run(s), 1 hit(s), 0 error(s), 1 left on base; Springfield 5 - Butler 2
BOTTOM OF THE 7TH
Butler White Sox batting - Pitching for Springfield Simpsons : RHP Mark Anderson
Batting: RHB Raúl Ruíz 0-0: Ball
1-0: Ball
2-0: Swinging Strike
2-1: Foul Ball, location: 2F
2-2: Ball
3-2: Foul Ball, location: 2F
3-2: Base on Balls
Pitching: LHP Alberto Martínez
Batting: RHB Luis Alvarado 0-0: Called Strike
0-1: Ball
1-1: Swinging Strike
1-2: Ball
2-2: Ball
3-2: Foul Ball, location: 2F
3-2: Base on Balls
Raúl Ruíz to second
Batting: LHB Jesús González 0-0: Foul Ball, location: 2F
0-1: Foul Ball, location: 2F
0-2: Ball
1-2: Ground out 6-3 (Groundball, 6S)
Raúl Ruíz to third
Luis Alvarado to second
Batting: RHB Rodney González 0-0: Ground out 5-3 (Groundball, 56)
Raúl Ruíz scores
Batting: LHB Mark Everett 0-0: Ball
1-0: Ground out 4-3 (Groundball, 4)
Bottom of the 7th over - 1 run(s), 0 hit(s), 0 error(s), 1 left on base; Springfield 5 - Butler 3
TOP OF THE 8TH
Springfield Simpsons batting - Pitching for Butler White Sox : RHP Barry Garner
Batting: LHB Tony O'Bryan 0-0: Ball
1-0: Ball
2-0: Foul Ball, location: 2F
2-1: Ball
3-1: Fly out, F6 (Popup, 9LSF)
Batting: SHB José Cruz 0-0: Ball
1-0: Foul Ball, location: 2F
1-1: Foul Ball, location: 2F
1-2: Strikes out swinging
Batting: SHB Bob Noble 0-0: Ball
1-0: Fly out, F9 (Flyball, 89M)
Top of the 8th over - 0 run(s), 0 hit(s), 0 error(s), 0 left on base; Springfield 5 - Butler 3
BOTTOM OF THE 8TH
Butler White Sox batting - Pitching for Springfield Simpsons : LHP Alberto Martínez
Batting: RHB Richard Bankhead 0-0: Foul Ball, location: 2F
0-1: Called Strike
0-2: Ball
1-2: Ball
2-2: SINGLE (Groundball, 6MD)
Batting: SHB Pedro Martínez 0-0: Foul Ball, location: 2F
0-1: Ball
1-1: Called Strike
1-2: SINGLE (Line Drive, 56)
Richard Bankhead to second
Pitching: RHP Rod Day
Batting: RHB Luis Ramos 0-0: Sac Bunt - play at first, batter OUT! 1-3
Richard Bankhead to third
Pedro Martínez to second
Batting: LHB Don Hull 0-0: Called Strike
0-1: Ball
1-1: Ball
2-1: Ball
3-1: Ground out 6-3 (Groundball, 6)
Richard Bankhead scores
Pedro Martínez to third
Batting: RHB Raúl Ruíz 0-0: Called Strike
0-1: Called Strike
0-2: Ball
1-2: Strikes out swinging
Bottom of the 8th over - 1 run(s), 2 hit(s), 0 error(s), 1 left on base; Springfield 5 - Butler 4
TOP OF THE 9TH
Springfield Simpsons batting - Pitching for Butler White Sox : RHP Barry Garner
Batting: LHB Pedro Cerda 0-0: Ball
1-0: Ground out 4-3 (Groundball, 4)
Batting: RHB Kawanari Hara 0-0: Ball
1-0: Ground out 5-3 (Groundball, 56)
Batting: RHB António López 0-0: Called Strike
0-1: Ball
1-1: Swinging Strike
1-2: Ball
2-2: Ball
3-2: Base on Balls
Batting: RHB Manny Ramírez 0-0: Ball
1-0: Called Strike
António López steals 2nd base
1-1: Foul Ball, location: 2F
1-2: Strikes out swinging
Top of the 9th over - 0 run(s), 0 hit(s), 0 error(s), 1 left on base; Springfield 5 - Butler 4
BOTTOM OF THE 9TH
Butler White Sox batting - Pitching for Springfield Simpsons : RHP Rod Day
Pitching: RHP Steve Snyder
Pinch Hitting: LHB Pat Weaver 0-0: Called Strike
0-1: Ball
1-1: Called Strike
1-2: Foul Ball, location: 2F
1-2: Foul Ball, location: 2F
1-2: Strikes out swinging
Batting: LHB Jesús González 0-0: Called Strike
0-1: Fly out, F8 (Flyball, 8LS)
Batting: RHB Rodney González 0-0: Fly out, F9 (Flyball, 89M)
Bottom of the 9th over - 0 run(s), 0 hit(s), 0 error(s), 0 left on base; Springfield 5 - Butler 4
This league is powered by Out of the Park Baseball, the baseball management simulation game for PC, Mac and Linux
Tuesday, August 2nd, 2016 - OOTP Baseball 16.8 Build 38